FIQ, neutral male gnomish Wizard ------- |..|..| |.....| |--..-- |...-- -- ---.--- --- ----.--- |...| --.| --- --.|....-- |.--- |..-- .. |........| -- |)-- --..*-- --- -.--- -- |.......- ----.- |..| ---.....| --.----|...|--- -...| |-..| -- |.....--..---|.......| |.....---..--.---....... |...| -.......%....|......-- --................>.- - ----#..-| --........*......-- |...............-----------...|.....--- --.............----- ---.......................|..--...--..G.#- ---....|...------.-- -..................---...^...||...||...M.#----------...--.|...| |...| ...............?........^.- |......----.--|....N...[.............|--.---...| |...........*...---.|.(......--......| |.| -.....d*###------------- |.^.....| |.......!.....--- ----.|...........--- ---|...---## |..--..-- -- --.--..--.-- ----..--.------ -#.#- # * -------- -- --- --- ------- -#- FIQ the Evoker Experience level: 1 Strength: 8 Dexterity: 11 Constitution: 13 Intelligence: 20 Wisdom: 19 Charisma: 7 Health: 0(16) Energy: 42(42) Def: 2 Gold: 682 Moves: 4724 Dungeon seed: Yi2GttRb7KGIfWk9 Game ID: FIQ_1444252134 Your Inventory: Coins $ - 682 gold pieces Amulets L - an uncursed amulet versus poison (being worn) Weapons a - a blessed +1 quarterstaff (weapon in hands) f - an uncursed +2 aklys (alternate weapon; not wielded) Armor e - an uncursed +0 cloak of magic resistance (being worn) r - an uncursed +0 pair of gauntlets of dexterity (being worn) y - an uncursed +0 dented pot Comestibles x - an uncursed slime mold z - an uncursed candy bar J - 4 uncursed lichen corpses Q - 2 uncursed cream pies R - an uncursed sprig of wolfsbane Scrolls h - 2 uncursed scrolls of identify E - an uncursed scroll of enchant weapon F - a blessed scroll of water G - an uncursed scroll of charging I - a blessed scroll of light K - a blessed scroll of identify Potions O - a cursed potion of see invisible Rings p - an uncursed +1 ring of gain constitution A - an uncursed ring of free action H - a cursed ring of fire resistance named cursed Wands D - an uncursed wand of cold (0:3) M - an uncursed wand of light (0:13) Tools k - an uncursed skeleton key l - a blessed magic lamp (lit) t - an uncursed towel B - a blessed tallow candle (0:200) P - an uncursed skeleton key Gems n - an uncursed worthless piece of red glass q - 2 uncursed rubies N - an uncursed worthless piece of white glass Spells and supernatural/magical abilities: Name Level Category Fail Memory a - force bolt 1 attack 0% 77% e - charm monster 3 enchantment 29% 77% m - magic missile 2 attack 0% 88% W - pray for help -- divine ? -- Your skills at the end: Miscellaneous Skills wands [Basic] Weapon Skills quarterstaff [Basic] crossbow [Basic] Spellcasting Skills attack spells [Basic] enchantment spells [Basic] Final Attributes: You were devoutly aligned. You were poison resistant. You were magic-protected. You had infravision. You are dead. Vanquished creatures: a housecat a pony 2 fog clouds 2 shriekers a gnome lord a gnomish wizard a kobold mummy a gray ooze 2 kittens 2 homunculi 3 iguanas a rothe a rabid rat a monkey an orc zombie a werejackal 2 coyotes 3 hobbits 2 acid blobs a large kobold 5 geckos 3 hobgoblins 6 giant rats a brown mold a yellow mold 3 green molds 2 red molds 2 gnomes a gnome zombie 5 jackals 2 foxes 2 kobolds 7 newts 5 goblins 6 sewer rats 5 grid bugs 3 bats 2 lichens 91 creatures vanquished. Voluntary challenges: You never hit with a wielded weapon. You were a pacifist. You did not apply a unicorn horn. You read items or engraved 11 times, starting on turn 483. You never genocided any monsters. You never polymorphed an object. You never changed form. You used no wishes. You never split a pudding. You wrote Elbereth's name 2 times, starting on turn 483. You never violated your personal moral code. Dungeon overview: The Dungeons of Doom: levels 1 to 4 Level 1 a fountain a long staircase Level 2 a delicatessen, a fountain Level 3 Level 4 an altar to Ptah stairs to The Gnomish Mines The Gnomish Mines: levels 5 to 13 Level 5 stairs to The Dungeons of Doom Level 6 Level 7 Level 8 many shops, a temple to Thoth, a magic chest, some fountains, some trees Level 9 Level 10 Level 11 <- You were here Level 13 History has recorded: On T:1 you entered the Dungeons of Doom to retrieve the Amulet of Yendor! On T:446 you reached level 2 of The Dungeons of Doom. On T:937 you reached level 3 of The Dungeons of Doom. On T:1193 you reached level 4 of The Dungeons of Doom. On T:1488 you reached level 1 of The Gnomish Mines. On T:2149 you reached level 4 of The Gnomish Mines. On T:2201 you entered the Minetown temple On T:2208 you opened a magic chest. On T:2235 you opened a magic chest. On T:2236 you opened a magic chest. On T:2236 you opened a magic chest. On T:2623 you opened a magic chest. On T:2720 you opened a magic chest. On T:2720 you opened a magic chest. On T:2831 you opened a magic chest. On T:3166 you reached level 3 of The Gnomish Mines. On T:3276 you reached level 6 of The Gnomish Mines. On T:3469 you reached level 7 of The Gnomish Mines. On T:3535 you reached level 9 of The Gnomish Mines. On T:3535 you reached the bottom of the Mines. On T:3548 you reached level 2 of The Gnomish Mines. On T:4175 you reached level 5 of The Gnomish Mines. Score breakdown: Gold: 682 ( 68 points) Experience: 1 level ( 0 points) Exploration: 13 levels ( 360 points) Discoveries: 12 items ( 600 points) Variety of kills: 38 monsters ( 1900 points) Major goal: reached Mine's End ( 1000 points) Survival: died (score multiplied by 3) Total score: 11784 Latest messages: You consume broiled newt. You feel a mild buzz. (You can name a scroll labeled FOOBIE BLETCH from the item naming menu.) G - an uncursed scroll labeled KIRJE. h - an uncursed scroll labeled LEP GEX VEN ZEA. I - a blessed scroll labeled PRATYAVAYAH. j - an uncursed scroll labeled VERR YED HORRE. H - an uncursed light blue spellbook. N - an uncursed thick spellbook. You have a little trouble lifting P - 2 uncursed dark potions. You have a little trouble lifting O - a cursed dark potion. You have a little trouble lifting g - an uncursed effervescent potion. You have a little trouble lifting E - an uncursed golden potion. You have a little trouble lifting A - an uncursed ivory ring. You have a little trouble lifting D - an uncursed wand of cold. You have a little trouble lifting M - an uncursed wand of light. You have a little trouble lifting q - 2 uncursed gems called ruby. You have a little trouble lifting n - an uncursed red gem. Your movements are slowed slightly because of your load. The orc mummy hits! You die... Final status: Goodbye FIQ the Wizard, killed by an orc mummy... You died in The Gnomish Mines on dungeon level 11 with 11784 points, and 682 pieces of gold, after 4724 moves. You were level 1 with a maximum of 16 hit points when you died.